 Dungeon Crawl Stone Soup version 0.25-a0-356-g7c9d860b3b (webtiles) character file.

Game seed: 12562667249362121745, levelgen mode: deterministic

3017 DerDa the Thaumaturge (level 9, -4/51 HPs)
             Began as an Octopode Fire Elementalist on Jan 3, 2020.
             Was a Follower of Sif Muna.
             Slain by an orc warrior
             ... wielding a +0 war axe
              (27 damage)
             ... on level 7 of the Dungeon.
             The game lasted 00:24:30 (7358 turns).

DerDa the Thaumaturge (Octopode Fire Elementalist)  Turns: 7358, Time: 00:24:32

Health: -4/51      AC:  1    Str:  7    XL:     9   Next: 85%
Magic:  8/22       EV: 13    Int: 21    God:    Sif Muna [*.....]
Gold:   295        SH:  0    Dex: 12    Spells: 13/26 levels left

rFire    . . .     SeeInvis .   K - staff of wizardry
rCold    . . .     Gourm    .   (no shield)
rNeg     . . .     Faith    .   (helmet restricted)
rPois    .         Spirit   .   (no amulet)
rElec    .         Reflect  .   n - ring of flight
rCorr    .         Harm     .   (no ring)
MR       .....                  (no ring)
Stlth    +++.......             (no ring)
HPRegen  0.17/turn              (no ring)
MPRegen  0.18/turn              (no ring)
                                (no ring)
                                (no ring)

@: no status effects
A: almost no armour, stealthy swim, amphibious, 8 rings, constrict 8, camouflage
1, gelatinous body 1
a: Channel Magic, Renounce Religion, Evoke Flight


You were on level 7 of the Dungeon.
You worshipped Sif Muna.
Sif Muna was aware of your devotion.
You were not hungry.

You visited 2 branches of the dungeon, and saw 8 of its levels.

You collected 295 gold pieces.

Inventory:

Hand Weapons
 a - a +2 whip of electrocution
 b - a +0 hunting sling
 y - a +4 quarterstaff of chaos
 H - a +2 dire flail of holy wrath
 L - a +1 whip of venom
Missiles
 c - 105 stones
 e - 71 sling bullets
 j - 36 poisoned darts (quivered)
 u - 59 bolts
Armour
 i - a +0 shield
Magical Staves
 J - an uncursed staff of fire
 K - an uncursed staff of wizardry (weapon)
Jewellery
 n - a ring of flight (left tentacle)
Wands
 x - a wand of flame (33)
 C - a wand of paralysis (5)
 D - a wand of enslavement (11)
 E - a wand of scattershot (3)
Scrolls
 l - 2 scrolls of remove curse
 s - 2 scrolls of fog
 v - a scroll of noise
 z - a scroll of enchant weapon {unknown}
 A - 2 scrolls of magic mapping {unknown}
 B - 3 scrolls of teleportation {unknown}
 N - a scroll of amnesia
Potions
 d - a potion of cancellation {unknown}
 f - 2 potions of berserk rage {unknown}
 h - 4 potions of curing
 k - a potion of invisibility {unknown}
 m - 2 potions of haste {unknown}
 o - a potion of flight {unknown}
 q - 2 potions of heal wounds {unknown}
 r - a potion of ambrosia {unknown}
 t - a potion of mutation {unknown}
 w - a potion of might {unknown}
 F - a potion of lignification {unknown}
 G - a potion of brilliance {unknown}
 I - 2 potions of agility
Comestibles
 g - 8 rations
 p - 8 chunks of flesh


   Skills:
 - Level 2.0 Dodging
 - Level 2.6 Stealth
 * Level 9.0 Spellcasting
 + Level 6.6 Conjurations
 + Level 7.3 Fire Magic


You had 13 spell levels left.
You knew the following spells:

 Your Spells              Type           Power        Failure   Level  Hunger
a - Foxfire               Conj/Fire      ####         1%          1    None
b - Conjure Flame         Conj/Fire      #####...     1%          3    None
c - Sticky Flame          Conj/Fire      #####...     1%          4    ###....
d - Fireball              Conj/Fire      #####.....   4%          5    #####..

Your spell library contained the following spells:

 Spells                   Type           Power        Failure   Level  Hunger
 Inner Flame              Hex/Fire       ###.....     1%          3    None
 Confusing Touch          Hex            #.....       2%          1    None
 Confuse                  Hex            #.......     9%          3    None
 Gell's Gravitas          Tloc           #.........   9%          3    None
 Petrify                  Tmut/Erth      #.......     26%         4    ###....
 Metabolic Englaciation   Hex/Ice        #.........   58%         5    #####..
 Yara's Violent Unravell  Hex/Tmut       #.........   58%         5    #####..


Dungeon Overview and Level Annotations

Branches:
Dungeon (7/15)             Temple (1/1) D:5

Altars:
Ashenzari
Cheibriados
Dithmenos
Elyvilon
Fedhas
Gozag
Hepliaklqana
Kikubaaqudgha
Makhleb
Nemelex Xobeh
Okawaru
Qazlal
Ru
Sif Muna
Trog
Uskayaw
Vehumet
Wu Jian
Xom
Yredelemnul
Zin
The Shining One

Shops:
D:7 [


Innate Abilities, Weirdness & Mutations

You cannot wear most types of armour.
You are very stealthy in the water. (Stealth+)
You are amphibious.
You can wear up to eight rings at the same time.
You can use your tentacles to constrict eight enemies at once.
Your skin changes colour to match your surroundings (Stealth+).
Your rubbery body absorbs attacks. (AC +1, EV +1)


Message History

You kill the orc wizard!
Sif Muna accepts your kill.
Your Spellcasting skill increases to level 9!
The foxfire hits the orc warrior but does no damage.
The orc warrior is moderately wounded.
The orc warrior throws a boomerang.
The boomerang hits you!
The weapon returns to the orc warrior!
The orc warrior hits you with a +0 war axe.
Casting: Fireball (safe; 4% risk of failure)
Confirm with . or Enter, or press ? or * to list all spells.
Aiming: Sticky Flame (safe; 1% risk of failure)
Press: ? - help, Shift-Dir - straight line, f - orc warrior
Aim: an orc warrior, wielding a +0 war axe, wearing a +0 plate armour and quivering 3 boomerangs (moderately wounded)
The sticky flame hits the orc warrior!
The orc warrior is severely wounded.
The orc warrior is covered in liquid flames!
The orc warrior burns!
The orc warrior hits you with a +0 war axe!!
Ouch! That really hurt!
You die...

#.......# #.# ###..####
#.. ##..# #.. ####..##
##.# #####......####
###...###......###....#
##.........###...#####..
#......[.### #....# ###
#......@).# #....##
#.....o...# ##....#
.....)...[.# #....#
...........# #....#
............# ##...#
...<........# #...#
............# ##.##
............# ###


You could see an orc warrior (burning).

Vanquished Creatures
  Pikel (D:4)
  Sigmund (D:4)
  Eustachio (D:4)
  Edmund (D:5)
  2 ice beasts
  An orc warrior (D:6)
  A sky beast (D:7)
  A slave (D:4)
  3 phantoms
  A centaur (D:7)
  2 ogres
  Blork the orc (D:5)
  A bullfrog (D:6)
  3 scorpions
  A howler monkey (D:6)
  5 crimson imps
  A quasit (D:4)
  A hound (D:6)
  Crazy Yiuf (D:3)
  A bullfrog skeleton (D:6)
  2 orc priests
  Ijyb (D:5)
  7 orc wizards
  4 worker ants
  2 hound zombies
  A worker ant zombie (D:5)
  6 gnolls
  5 adders
  4 shadow imps
  An adder zombie (D:7)
  2 adder skeletons
  3 worms
  2 dart slugs (D:3)
  3 leopard geckos
  26 orcs
  A giant cockroach (D:1)
  12 goblins
  8 hobgoblins
  4 jackals
  4 quokkas
  4 bats
  6 frilled lizards
  9 kobolds
  4 rats
  4 bushes (D:2)
  2 plants (D:2)
157 creatures vanquished.

Vanquished Creatures (others)
  A dart slug (D:4)
  412 foxfires
  A plant (D:5)
414 creatures vanquished.

Grand Total: 571 creatures vanquished

Notes
Turn   | Place    | Note
-------+----------+-------------------------------------------
     0 | D:1      | DerDa the Octopode Fire Elementalist began the quest for
                  | the Orb.
     0 | D:1      | Reached XP level 1. HP: 11/11 MP: 3/3
   176 | D:1      | Reached XP level 2. HP: 15/17 MP: 1/5
   436 | D:1      | Reached XP level 3. HP: 21/21 MP: 2/7
  1306 | D:2      | Reached skill level 3 in Spellcasting
  1314 | D:2      | Reached XP level 4. HP: 27/27 MP: 1/8
  1665 | D:3      | Found an ornate altar of the Wu Jian Council.
  1665 | D:3      | Found a shadowy altar of Dithmenos.
  1851 | D:3      | Found a runed translucent door.
  1913 | D:3      | Noticed Crazy Yiuf
  1919 | D:3      | Learned a level 3 spell: Conjure Flame
  1924 | D:3      | Learned a level 4 spell: Sticky Flame
  2025 | D:3      | Reached XP level 5. HP: 28/31 MP: 0/10
  2692 | D:3      | Reached skill level 4 in Spellcasting
  2750 | D:3      | Noticed an ogre
  2777 | D:3      | Killed an ogre
  2777 | D:3      | Reached XP level 6. HP: 36/36 MP: 4/12
  2985 | D:3      | Killed Crazy Yiuf
  3354 | D:4      | Noticed Sigmund
  3363 | D:4      | Killed Sigmund
  3363 | D:4      | Reached skill level 5 in Spellcasting
  3363 | D:4      | Reached XP level 7. HP: 41/41 MP: 3/14
  3420 | D:4      | Noticed Eustachio
  3440 | D:4      | Killed Eustachio
  3684 | D:4      | Noticed Pikel
  3690 | D:4      | Found a bloodstained altar of Trog.
  3691 | D:4      | Killed Pikel
  3691 | D:4      | Reached skill level 6 in Spellcasting
  3691 | D:4      | Reached skill level 5 in Fire Magic
  3691 | D:4      | Reached XP level 8. HP: 41/46 MP: 8/17
  4162 | D:4      | Found an ancient bone altar of Kikubaaqudgha.
  4356 | D:5      | Entered Level 5 of the Dungeon
  4356 | D:5      | Noticed Ijyb
  4366 | D:5      | Killed Ijyb
  4650 | D:5      | Found a staircase to the Ecumenical Temple.
  4665 | Temple   | Entered the Ecumenical Temple
  4882 | D:5      | Noticed Edmund
  4898 | D:5      | Noticed Blork the orc
  4910 | D:5      | Killed Blork the orc
  4910 | D:5      | Reached skill level 5 in Conjurations
  5244 | D:5      | Reached skill level 7 in Spellcasting
  5370 | D:5      | Killed Edmund
  5429 | D:5      | Found an opulent altar of Gozag.
  5432 | D:5      | Found a burning altar of Makhleb.
  5435 | D:5      | Found a stormy altar of Qazlal.
  5438 | D:5      | Found a shimmering blue altar of Sif Muna.
  5442 | D:5      | Became a worshipper of Sif Muna the Loreminder
  5706 | D:5      | Reached XP level 9. HP: 49/51 MP: 11/20
  5713 | D:5      | Learned a level 5 spell: Fireball
  6502 | D:6      | Reached skill level 8 in Spellcasting
  6682 | D:6      | Reached * piety under Sif Muna
  7132 | D:7      | Found Ijaumeg's Armour Shoppe.
  7356 | D:7      | Reached skill level 9 in Spellcasting
  7358 | D:7      | Slain by an orc warrior

Levels and vault maps discovered:
D:1:      sevenhm_arrival_forest_fort_small_6, layout_basic
D:2:      layout_basic, serial_forest, infiniplex_forest_lined_ring,
          infiniplex_forest_end_1, infiniplex_forest_end_double,
          infiniplex_forest_zigzag_2, infiniplex_forest_clump_long,
          infiniplex_forest_zigzag_2, infiniplex_forest_split,
          corexii_leaking_fountain, minmay_hexomino_p4
D:3:      layout_loops_corners, gammafunk_temple_overflow_statue,
          minmay_misc_feat_columns, minmay_bisected, uniq_crazy_yiuf_cottage
D:4:      layout_basic, kiku_gazebo_pond_becter, first_ration,
          trog_three_pillars_becter, uniq_sigmund, uniq_pikel, uniq_eustachio
D:5:      layout_basic, grunt_temple_overflow_cloverleaf,
          minmay_temple_entry_gardened_gates, uniq_ijyb, uniq_edmund,
          uniq_blork_the_orc
D:6:      layout_basic, kb_rosetta
D:7:      layout_cave_pods, serial_shops, shop
Temple:   regret_index_temple_generic_petals

Skill      XL: |  1  2  3  4  5  6  7  8  9 |
---------------+----------------------------+-----
Spellcasting   | 3 4 5 6 7 9 |  9.0
Conjurations   | 2 3 4 5 6 |  6.6
Fire Magic     | 4 5 6 7 |  7.3
Dodging        | |  2.0
Stealth        | |  2.6

Action                   |  1- 3 |  4- 6 |  7- 9 || total
-------------------------+-------+-------+-------++-------
Melee: Whip              |    10 |   152 |    76 ||   238
       Constrict         |     3 |     8 |    20 ||    31
       Tentacles         |     1 |    27 |     3 ||    31
       Staff             |       |       |     1 ||     1
Throw: Dart              |       |       |     4 ||     4
 Cast: Foxfire           |    49 |    83 |   117 ||   249
       Sticky Flame      |       |     2 |    31 ||    33
       Fireball          |       |       |     4 ||     4
       Conjure Flame     |       |       |     2 ||     2
  Use: Potion            |       |       |     2 ||     2
       Scroll            |       |       |     4 ||     4
 Stab: Sleeping          |       |       |     2 ||     2
  Eat: Chunk             |     1 |     7 |    13 ||    21
       Ration            |       |       |     1 ||     1
Armor: Skin              |       |     1 |       ||     1
Dodge: Dodged            |    25 |    36 |    51 ||   112

Table legend:
 A = Non-vault XP
 B = Vault XP
 C = Vault XP percentage of total XP
 D = Non-vault monster count
 E = Vault monster count
 F = Vault count percentage of total count
                 A         B        C        D         E       F
            +---------+---------+-------+---------+---------+-------
      Total |    2460 |    1851 |  42.9 |     135 |      15 |  10.0
            +---------+---------+-------+---------+---------+-------
        D:1 |      43 |       0 |   0.0 |      25 |       0 |   0.0
        D:2 |      64 |       4 |   5.9 |       7 |       2 |  22.2
        D:3 |     191 |     155 |  44.8 |      36 |       3 |   7.7
        D:4 |      63 |    1026 |  94.2 |       4 |       3 |  42.9
        D:5 |     652 |     301 |  31.6 |      19 |       3 |  13.6
        D:6 |     786 |     365 |  31.7 |      25 |       4 |  13.8
        D:7 |     661 |       0 |   0.0 |      19 |       0 |   0.0
            +---------+---------+-------+---------+---------+-------
